 Dungeon Crawl Stone Soup version 0.30.0-29-ga12c61a403 (webtiles) character file.

Game seed: 7222511911853880501

4739 Snizzard the Twirler (level 10, 0/72 HPs)
             Began as a Grey Draconian Gladiator on June 13, 2023.
             Was an Elder of Hepliaklqana.
             Killed from afar by an electric eel (10 damage)
             ... with a bolt of electricity
             ... on level 9 of the Dungeon.
             The game lasted 00:34:31 (7198 turns).

Snizzard the Twirler (Grey Draconian Gladiator)     Turns: 7198, Time: 00:34:32

Health: 0/72       AC: 14    Str: 17    XL:     10   Next: 22%
Magic:  23/23      EV: 13    Int: 16    God:    Hepliaklqana [****..]
Gold:   406        SH:  0    Dex: 11    Spells: 2/15 levels left

rFire   . . .        a - +0 quarterstaff
rCold   . . .        (shield currently unavailable)
rNeg    . . .        (body armour unavailable)
rPois   .            b - +2 hat
rElec   .            n - scarf {repulsion}
rCorr   .            (no gloves)
SInv    .            (no boots)
Will    .....        (no amulet)
Stlth   +++          m - ring of magical power
HPRegen 1.12/turn    t - ring of wizardry
MPRegen 0.18/turn

%: repel missiles, wizardry (x1)
@: lethally poisoned (0 -> 0), slowed, studying Fighting, very slow
A: reduced essence, AC +12, amphibious, unfitting armour, cold-blooded, stinger
1, clever 1, regeneration 1
a: Renounce Religion, Recall Ancestor, Ancestor Identity, Transference, Idealise


You were on level 9 of the Dungeon.
You worshipped Hepliaklqana.
Hepliaklqana was greatly pleased with you.
You visited 2 branches of the dungeon, and saw 10 of its levels.
You also visited: Bailey.

You collected 510 gold pieces.
You spent 104 gold pieces at shops.

Inventory:

Hand Weapons
 a - a +0 quarterstaff (weapon)
Armour
 b - a +2 hat (worn)
 n - a scarf of repulsion (worn)
 H - an orb of mayhem
Jewellery
 m - a ring of magical power (left hand)
 q - an amulet of the acrobat
 t - a ring of wizardry (right hand)
 u - a ring of flight
Wands
 k - a wand of paralysis (5)
 D - a wand of flame (6)
Scrolls
 d - a scroll of blinking
 e - 5 scrolls of teleportation
 f - a scroll of magic mapping
 g - a scroll of amnesia
 i - 4 scrolls of enchant weapon {unknown}
 o - 5 scrolls of vulnerability
 p - a scroll of fear
 r - a scroll of silence
 s - a scroll of noise
 w - 3 scrolls of immolation
 C - 3 scrolls of fog {unknown}
Potions
 c - 3 potions of heal wounds {unknown}
 h - 2 potions of curing
 j - a potion of attraction {unknown}
 l - 2 potions of might {unknown}
 v - a potion of brilliance {unknown}
 x - 2 potions of cancellation {unknown}
 z - 2 potions of mutation
 A - a potion of degeneration {unknown}
 B - a potion of magic {unknown}
 E - a potion of berserk rage {unknown}
 F - a potion of ambrosia {unknown}
 G - a potion of haste {unknown}
 I - a potion of invisibility {unknown}


   Skills:
 * Level 4.4 Fighting
 * Level 3.2(6.0) Polearms
 * Level 7.9(8.2) Staves
 * Level 3.8 Throwing
 * Level 4.8 Dodging
 * Level 4.8 Stealth
 * Level 3.1 Unarmed Combat
 * Level 3.0 Spellcasting
 * Level 3.3 Conjurations
 * Level 2.6 Hexes
 * Level 0.9 Translocations
 * Level 1.7 Fire Magic
 * Level 2.7 Air Magic
 * Level 0.7 Poison Magic
 * Level 3.0 Invocations
 * Level 2.8 Evocations


You had 2 spell levels left.
You knew the following spells:

 Your Spells              Type           Power      Damage    Failure   Level
a - Shock                 Conj/Air       48%        1d6       2%          1
b - Tukima's Dance        Hex            10%        N/A       8%          3
c - Inner Flame           Hex/Fire       9%         N/A       9%          3
d - Vhi's Electric Charg  Tloc/Air       16%        N/A       11%         3
e - Mephitic Cloud        Conj/Pois/Air  9%         N/A       9%          3

Your spell library contained the following spells:

 Spells                   Type           Power      Damage    Failure   Level
 Poisonous Vapours        Pois/Air       16%        N/A       6%          2
 Swiftness                Air            11%        N/A       8%          3
 Portal Projectile        Hex/Tloc       16%        N/A       11%         3
 Volatile Blastmotes      Fire/Tloc      12%        2d11      13%         3
 Fulminant Prism          Conj/Hex       6%         3d7       21%         4
 Airstrike                Air            5%         2d(1-17)  24%         4
 Iskenderun's Mystic Bla  Conj/Tloc      9%         2d4       30%         4
 Iskenderun's Battlesphe  Conj           13%        2d7       45%         5
 Arcjolt                  Conj/Air       6%         1d16      47%         5
 Freezing Cloud           Conj/Ice/Air   4%         6-21      63%         5
 Yara's Violent Unravell  Hex/Tmut       3%         3d4       71%         5
 Blade Hands              Tmut           1%         N/A       87%         5
 Lee's Rapid Deconstruct  Erth           1%         3d4*      87%         5
 Iron Shot                Conj/Erth      3%         9d2       99%         6
 Enfeeble                 Hex            5%         N/A       100%        7
 Spellforged Servitor     Conj/Summ      3%         N/A       100%        7
 Maxwell's Capacitive Co  Air            5%         ∞         100%        8


Dungeon Overview and Level Annotations

Branches:
Dungeon (9/15)             Temple (1/1) D:5          Bailey (visited)
   Lair: D:8-11         Orc: D:9-12

Altars:
Ashenzari
Cheibriados
Dithmenos
Elyvilon
Fedhas
Gozag
Hepliaklqana
Kikubaaqudgha
Makhleb
Nemelex Xobeh
Okawaru
Qazlal
Ru
Sif Muna
Uskayaw
Vehumet
Wu Jian
Xom
Yredelemnul
Zin
The Shining One
Lugonu

Shops:
D:5 ?


Innate Abilities, Weirdness & Mutations

Your life essence is reduced to manifest your ancestor. (-10% HP)
Your dull iron-grey scales are very hard. (AC +12)
You are amphibious.
You cannot fit into any form of body armour.
You are cold-blooded and may be slowed by cold attacks.
Your tail ends in a venomous barb.
Your mind is acute. (Int +4, Str/Dex -1)
Your natural rate of healing is unusually fast.


Message History

You hit the hornet.
The hornet is heavily wounded.
The hornet barely misses you.
An electric eel comes into view.
The hornet stings you.
You are poisoned.
You feel as though you will be slow longer.
You feel very sick. The hornet closely misses you.
The electric eel shoots out a bolt of lightning at you!
The bolt of electricity hits you!
The hornet stings you but does no damage.
The electric eel shoots out a bolt of lightning at you!
The bolt of electricity is repelled.
Okay, then.
You sock the hornet!
The hornet is almost dead.
You feel sick. The hornet barely misses you. The hornet closely misses you.
You hit the hornet.
You tail-slap the hornet, but do no damage.
The hornet is almost dead.
You feel sick. The hornet stings you!
* * * LOW HITPOINT WARNING * * *
You feel as though you will be slow longer.
The hornet closely misses you.
You hit the hornet.
You kill the hornet!
You feel sick.
The electric eel shoots out a bolt of lightning at you!
The bolt of electricity hits you!
* * * LOW HITPOINT WARNING * * *
Your Invocations skill increases to level 3!
Aiming: Throw Flame
Press: ? - help, Shift-Dir - straight line, f - electric eel
Aim: an electric eel (53% to hit)
The puff of flame misses the electric eel.
You feel sick.
The electric eel shoots out a bolt of lightning at you!
The bolt of electricity hits you!
You die...

.......~~~~♣~P♣S~≈≈≈~~~~~~~~~~***
~~~~.[.♣~~P~~PPP≈≈~≈≈~~~~*~**~***
###~...#~*P~♣~~~~~~§~♣~~*~***,,,*
..#~...###♣♣~S~♣♣♣S§~~*~~~*****,*
∩.#~...#...'..♣♣P♣S♣**~,**,,,,,,,
..#~...#.###.......# *,,,*,,,,,,,
###~.....# #.......# ***,,,,,,,,,
~~~~...### #..<....# ***,,,,,,,
.......# #[...@..# *,,,,,,,
###...## ######### *,,,,,,, #####
********


You could see 3 electric eels.

Vanquished Creatures
  A troll (D:9)
  A hornet (D:9)
  Sigmund (D:2)
  4 yaks (D:8)
  Edmund (D:5)
  A water moccasin (D:5)
  6 orc warriors
  A centaur (D:9)
  2 kobold brigands
  2 scorpions
  A gnoll sergeant (D:7)
  6 wights
  A howler monkey (D:4)
  An electric eel (D:9)
  3 hounds
  3 orc priests
  2 gnoll boudas (D:7)
  An iguana (D:7)
  Ijyb (D:5)
  4 orc wizards
  Robin (D:2)
  11 gnolls (D:7)
  4 adders (D:5)
  A shadow imp (D:5)
  An ufetubus (D:7)
  4 worms
  4 dart slugs
  29 orcs
  3 bats
  11 endoplasms
  3 giant cockroaches
  14 goblins
  9 hobgoblins
  2 jackals (D:4)
  2 quokkas (D:4)
  5 ball pythons
  4 frilled lizards
  18 kobolds
  5 rats
174 creatures vanquished.

Vanquished Creatures (collateral kills)
  A yak (D:8)
  A steam dragon (D:8)
  A water moccasin (D:8)
  A sky beast (D:8)
  An orc warrior (Bailey)
  2 centaurs
  A phantom (D:6)
  2 kobold brigands
  A bullfrog (D:7)
  2 wights (D:8)
  A hound (D:6)
  A jelly (D:6)
  A gnoll bouda (D:7)
  2 iguanas
  An orc wizard (D:7)
  An adder (D:4)
  5 gnolls (D:7)
  A shadow imp (D:8)
  2 worms
  3 dart slugs
  16 orcs
  A ball python (D:3)
  An endoplasm (D:2)
  3 goblins (D:2)
  2 hobgoblins
  7 kobolds
  2 bats (D:1)
  4 rats
67 creatures vanquished.

Vanquished Creatures (others)
  A hexer (D:9)
  A goblin (D:2)
2 creatures vanquished.

Grand Total: 243 creatures vanquished

Notes
Turn   | Place    | Note
-------+----------+-------------------------------------------
     0 | D:1      | Snizzard the Draconian Gladiator began the quest for the
                  | Orb.
     0 | D:1      | Reached XP level 1. HP: 17/17 MP: 1/1
   152 | D:1      | Reached XP level 2. HP: 11/24 MP: 2/2
   219 | D:1      | Learned a level 1 spell: Shock
   435 | D:2      | Noticed Sigmund
   447 | D:2      | Reached XP level 3. HP: 29/29 MP: 3/3
   473 | D:2      | Killed Sigmund
   474 | D:2      | Reached skill level 1 in Polearms
   474 | D:2      | Reached skill level 4 in Staves
   474 | D:2      | Reached skill level 1 in Stealth
   474 | D:2      | Reached skill level 1 in Spellcasting
   474 | D:2      | Reached skill level 1 in Conjurations
   474 | D:2      | Reached XP level 4. HP: 9/37 MP: 3/5
   474 | D:2      | Reached XP level 5. HP: 10/44 MP: 3/6
   793 | D:5      | Entered Level 5 of the Dungeon
   830 | D:5      | Noticed Ijyb
   928 | D:5      | Gained mutation: Your mind is acute. (Int +4, Str/Dex -1)
                  | [potion of mutation]
   939 | D:5      | Killed Ijyb
  1259 | D:5      | Reached XP level 6. HP: 36/50 MP: 7/7
  1261 | D:5      | Found a staircase to the Ecumenical Temple.
  1301 | Temple   | Entered the Ecumenical Temple
  1408 | Temple   | Became a worshipper of Hepliaklqana the Forgotten
  1475 | D:5      | Noticed Edmund
  1496 | D:5      | Killed Edmund
  1497 | D:5      | Reached skill level 1 in Air Magic
  1587 | D:5      | Lost mutation: Your mind is acute. (Int +4, Str/Dex -1)
                  | [potion of mutation]
  1587 | D:5      | Gained mutation: Your natural rate of healing is unusually
                  | fast. [potion of mutation]
  1587 | D:5      | Gained mutation: Your tail ends in a venomous barb. [potion
                  | of mutation]
  1587 | D:5      | Gained mutation: Your mind is acute. (Int +4, Str/Dex -1)
                  | [potion of mutation]
  1632 | D:5      | Found an ornate altar of the Wu Jian Council.
  1802 | D:5      | Found Veblaepn's Magic Scroll Shop.
  1802 | D:5      | Noticed a water moccasin
  1823 | D:5      | Killed a water moccasin
  1824 | D:5      | Reached skill level 5 in Staves
  1824 | D:5      | Your scales start taking on a dull iron-grey colour.
  1824 | D:5      | Reached XP level 7. HP: 18/57 MP: 9/9
  1840 | D:5      | Bought a scroll of identify for 22 gold pieces
  2616 | D:4      | Reached * piety under Hepliaklqana
  2983 | D:4      | Reached skill level 1 in Evocations
  3090 | D:4      | Reached skill level 1 in Unarmed Combat
  3090 | D:4      | Reached skill level 1 in Invocations
  3098 | D:4      | Learned a level 3 spell: Tukima's Dance
  3314 | D:3      | Found a snail-covered altar of Cheibriados.
  3676 | D:3      | Found a shimmering blue altar of Sif Muna.
  3683 | D:3      | Found a stormy altar of Qazlal.
  3697 | D:3      | Found a burning altar of Makhleb.
  3704 | D:3      | Found a hide-covered altar of Uskayaw.
  3936 | D:2      | Noticed Robin
  3943 | D:2      | Killed Robin
  4239 | D:1      | Reached ** piety under Hepliaklqana
  4240 | D:1      | Remembered your ancestor Suntokh as a hexer
  4617 | D:5      | Bought a scroll of magic mapping for 82 gold pieces
  4791 | D:6      | Reached XP level 8. HP: 56/56 MP: 10/10
  5040 | D:6      | You fall into a shaft and drop 1 floor!
  5179 | D:6      | Found a sacrificial altar of Ru.
  5188 | D:6      | Found a sparkling altar of Nemelex Xobeh.
  5188 | D:6      | Found a white marble altar of Elyvilon.
  5198 | D:6      | Found a basalt altar of Yredelemnul.
  5239 | D:7      | Reached skill level 6 in Staves
  5250 | D:7      | Reached skill level 1 in Hexes
  5318 | D:7      | Reached *** piety under Hepliaklqana
  5609 | D:7      | Found a shadowy altar of Dithmenos.
  5672 | D:7      | Reached XP level 9. HP: 63/63 MP: 12/12
  5676 | D:7      | Learned a level 3 spell: Inner Flame
  5942 | D:7      | Found an opulent altar of Gozag.
  5942 | D:7      | Found a glowing silver altar of Zin.
  6313 | D:8      | Reached skill level 7 in Staves
  6316 | D:8      | Reached skill level 1 in Fire Magic
  6400 | D:8      | Learned a level 3 spell: Vhi's Electric Charge
  6404 | D:8      | Learned a level 3 spell: Mephitic Cloud
  6672 | D:9      | Noticed a troll
  6681 | D:9      | Killed a troll
  6767 | D:9      | Found a flagged portal.
  6770 | D:9      | Reached XP level 10. HP: 67/71 MP: 14/14
  6782 | Bailey   | Entered a bailey
  6877 | Bailey   | Reached **** piety under Hepliaklqana
  7075 | Bailey   | Identified the +5 tower shield "Nuid" {Dex+5}
  7181 | D:9      | Identified the +3 leather armour of Loroada {Regen+ Stlth+}
  7198 | D:9      | Killed from afar by an electric eel

Illustrated notes

Levels and vault maps discovered:
D:1:      evilmike_arrival_rings, layout_rooms
D:2:      minmay_chambers_of_ones, layout_rooms, uniq_sigmund, uniq_robin
D:3:      minmay_general_purpose_star, layout_basic, kennysheep_slug_shrine,
          grunt_temple_overflow_cloverleaf
D:4:      layout_loops_ring
D:5:      layout_basic, general_overflow_altar,
          minmay_temple_entry_statues_fountains, kennysheep_small_circle,
          uniq_edmund, uniq_ijyb
D:6:      layout_loops_ring, minitemple
D:7:      layout_loops_ring, grunt_temple_overflow_gold_and_silver,
          nicolae_dithmenos_shadow_blocks
D:8:      wander_river, layout_basic
D:9:      layout_roguey, enter_bailey_3, serial_bayou_lake_a
Temple:   corrupted_temple

Skill      XL: |  1  2  3  4  5  6  7  8  9 10 |
---------------+-------------------------------+-----
Dodging        | 3 4 |  4.8
Polearms       | 1 2 3 |  3.2
Staves         | 4 5 6 7 |  7.9
Throwing       | 2 3 |  3.8
Stealth        | 1 2 3 4 |  4.8
Spellcasting   | 1 2 3 |  3.0
Conjurations   | 1 2 3 |  3.3
Fighting       | 3 4 |  4.4
Air Magic      | 1 2 |  2.7
Evocations     | 1 2 |  2.8
Unarmed Combat | 1 2 3 |  3.1
Invocations    | 1 2 3 |  3.0
Hexes          | 1 2 |  2.6
Fire Magic     | 1 |  1.7
Translocations | |  0.9
Poison Magic   | |  0.7

Action                     |  1- 3 |  4- 6 |  7- 9 | 10-12 || total
---------------------------+-------+-------+-------+-------++-------
  Melee: Quarterstaff      |    79 |   108 |   374 |    33 ||   594
         Tailslap          |    11 |    14 |    63 |     8 ||    96
         Unarmed           |       |    20 |       |       ||    20
  Throw: Throwing net      |     2 |     2 |       |       ||     4
         Javelin           |       |     2 |     3 |       ||     5
   Cast: Shock             |     2 |       |     5 |       ||     7
         Mephitic Cloud    |       |       |       |     2 ||     2
         Inner Flame       |       |       |       |     2 ||     2
 Invoke: Ancestor Life: He |       |       |     1 |       ||     1
         Ancestor Identity |       |       |     1 |       ||     1
         Recall Ancestor   |       |       |     2 |       ||     2
         Transference      |       |       |     1 |       ||     1
  Evoke: Wand              |       |     4 |    10 |     3 ||    17
    Use: Potion            |       |     4 |     1 |       ||     5
         Scroll            |       |     2 |    11 |       ||    13
   Stab: Sleeping          |     1 |     1 |     7 |       ||     9
         Held in net/web   |       |     2 |       |       ||     2
         Paralysed         |       |    14 |     3 |       ||    17
         Confused          |       |       |    13 |     1 ||    14
         Distracted        |       |       |     3 |       ||     3
 Armour: Skin              |    41 |    29 |   134 |    20 ||   224
  Dodge: Dodged            |    75 |    69 |   253 |    44 ||   441
         Repelled          |       |       |     2 |     1 ||     3
